 Dungeon Crawl Stone Soup version 0.30-a0-743-gbfdf073431 (webtiles) character file.

Game seed: 7070322383946065758

85 browni3141 the Trooper (level 4, -6/35 HPs)
             Began as a Mummy Cinder Acolyte on Feb 7, 2023.
             Was a High Priest of Ignis.
             Mangled by a gnoll
             ... wielding a +2 flail of protection
              (9 damage)
             ... on level 2 of the Dungeon.
             The game lasted 00:09:53 (1968 turns).

browni3141 the Trooper (Mummy Cinder Acolyte)       Turns: 1968, Time: 00:09:54

Health: -6/35      AC:  9    Str: 19    XL:     4   Next: 25%
Magic:  1/6        EV: 16    Int: 13    God:    Ignis [*****.]
Gold:   111        SH:  0    Dex:  7    Spells: 3/5 levels left

rFire   . . .      SeeInvis .    d - +0 club
rCold   + . .      Faith    +    (no shield)
rNeg    + + +      Spirit   .    b - +0 robe
rPois   ∞          Reflect  .    (no helmet)
rElec   .          Harm     .    (no cloak)
rCorr   .          Rampage  .    (no gloves)
Will    .....                    (no boots)
Stlth   ++                       (no amulet)
HPRegen 0.25/turn                h - +5 ring of evasion
MPRegen 0.10/turn                (no ring)

@: fiery-armoured
A: cold resistance 1, negative energy resistance 3, torment resistance 2, heat
vulnerability 1, in touch with death 1, no potions, faith
a: Renounce Religion, Fiery Armour, Foxfire Swarm, Rising Flame


You were on level 2 of the Dungeon.
You worshipped Ignis.
Ignis was extremely pleased with you.
You visited 1 branch of the dungeon, and saw 2 of its levels.

You collected 111 gold pieces.

Inventory:

Hand Weapons
 a - a -1 hand axe of flaming
 d - a +0 club (weapon)
 e - a +0 morningstar
Missiles
 c - 3 javelins
Armour
 b - a +0 robe (worn)
 g - +0 gold dragon scales
Jewellery
 h - a +5 ring of evasion (left hand)
 i - a +6 ring of intelligence
Scrolls
 f - a scroll of identify {unknown}


   Skills:
 - Level 3.0 Fighting
 - Level 2.4(2.6) Axes
 * Level 1.5(2.2) Maces & Flails
 * Level 1.7 Throwing
 - Level 2.0 Stealth
 - Level 1.3 Spellcasting
 - Level 2.4 Fire Magic


You had 3 spell levels left.
You knew the following spells:

 Your Spells              Type           Power      Damage    Failure   Level
a - Scorch                Fire           14%        2d5       16%         2

Your spell library contained the following spells:

 Spells                   Type           Power      Damage    Failure   Level
 Inner Flame              Hex/Fire       4%         N/A       45%         3
 Ozocubu's Armour         Ice            0%         N/A       63%         3
 Flame Wave               Conj/Fire      4%         2d5       86%         4
 Sticky Flame             Conj/Fire      4%         2d3       86%         4
 Ozocubu's Refrigeration  Ice            0%         4d7       100%        7


Dungeon Overview and Level Annotations

Branches:
Dungeon (2/15)

Altars:


Innate Abilities, Weirdness & Mutations

You are immune to poison.
Your flesh is cold resistant. (rC+)
You are immune to negative energy. (rN+++)
You are immune to unholy pain and torment.
You are vulnerable to heat. (rF-)
You are in touch with the powers of death.
You do not drink.
You have a special connection with the divine. (Faith)


Message History

You hit the kobold but do no damage. The kobold hits you with a +0 club.
The kobold completely misses you.
Unknown command.
You hit the kobold.
The kobold is severely wounded.
The kobold closely misses you.
You hit the kobold.
You kill the kobold!
Things that are here:
a +0 club; a kobold corpse
Found a stone staircase leading down.
A gnoll is nearby!
You can't see any susceptible monsters within range! (Use Z to cast anyway.)
The gnoll shouts!
Flames lash the gnoll.
The gnoll is moderately wounded.
The gnoll's fire resistance burns away.
The gnoll hits you with a +2 flail of protection!
Flames lash the gnoll.
The gnoll is heavily wounded.
The gnoll's fire resistance burns away.
The gnoll is no longer more vulnerable to fire.
The gnoll completely misses you.
Flames lash the gnoll.
The gnoll is burned terribly!
You kill the gnoll!
The gnoll hits you with a +2 flail of protection!
A protective cloak of flame settles atop you.
The gnoll barely misses you.
You hit the gnoll but do no damage.
The gnoll is moderately wounded.
The gnoll closely misses you.
You hit the gnoll but do no damage.
The gnoll is moderately wounded.
The gnoll barely misses you.
You hit the gnoll but do no damage.
The gnoll is moderately wounded.
The gnoll hits you with a +2 flail of protection!
* * * LOW HITPOINT WARNING * * *
The gnoll hits you with a +2 flail of protection!
You die...

...........# #.#
#########..# #.#
#..#########.#
#####............#
#............#####
#.###..#####.# #.#
#..# #.# #.# #..#
#.# #g# #..#####@#
#####.###......#g#
#......##..###.#)#
#.###..##..#.....##
#w.##.g#.###..####
#.....†..# #.#...#
##.###..#.###..##.#
#..w..........###.#
#.#####g##...## #.#


You could see a gnoll.

Vanquished Creatures
  An adder (D:2)
  3 gnolls (D:2)
  2 dart slugs
  4 endoplasms (D:1)
  4 giant cockroaches
  2 goblins
  6 hobgoblins
  2 quokkas (D:1)
  2 ball pythons (D:1)
  4 bats
  5 frilled lizards (D:1)
  5 kobolds
  3 rats (D:1)
43 creatures vanquished.

Notes
Turn   | Place    | Note
-------+----------+-------------------------------------------
     0 | D:1      | browni3141 the Mummy Cinder Acolyte began the quest for the
                  | Orb.
     0 | D:1      | Reached XP level 1. HP: 18/18 MP: 2/2
    65 | D:1      | Reached skill level 1 in Stealth
   198 | D:1      | Reached XP level 2. HP: 18/24 MP: 4/4
   770 | D:1      | Found a faded altar of an unknown god.
   981 | D:1      | Gained mutation: You are in touch with the powers of death.
                  | [Mummy growth]
   981 | D:1      | Reached XP level 3. HP: 26/29 MP: 5/5
  1234 | D:2      | Reached skill level 1 in Throwing
  1487 | D:2      | Learned a level 2 spell: Scorch
  1619 | D:2      | Reached skill level 1 in Maces & Flails
  1812 | D:2      | Reached XP level 4. HP: 35/35 MP: 1/6
  1968 | D:2      | Mangled by a gnoll

Illustrated notes

Levels and vault maps discovered:
D:1:      dpeg_arrival_connections, layout_basic,
          hellmonk_ecumenical_altar_lost_god, serial_bayou_ford_a
D:2:      layout_loops_ring, uniq_robin

Skill      XL: |  1  2  3 |
---------------+----------+-----
Stealth        | 1 2 |  2.0
Throwing       | 1 |  1.7
Maces & Flails | 1 |  1.5
Fighting       | |  3.0
Axes           | |  2.4
Spellcasting   | |  1.3
Fire Magic     | |  2.4

Action                     |  1- 3 |  4- 6 || total
---------------------------+-------+-------++-------
  Melee: Hand axe          |    25 |       ||    25
         Club              |   172 |    12 ||   184
         Punch             |     2 |       ||     2
  Throw: Javelin           |     2 |       ||     2
   Cast: Scorch            |    10 |     3 ||    13
 Invoke: Fiery Armour      |     2 |     1 ||     3
   Stab: Sleeping          |     2 |       ||     2
 Armour: Robe              |    44 |     3 ||    47
  Dodge: Dodged            |   142 |     9 ||   151

Table legend: (Time is in decaauts)
 A = Elapsed time spent in this place.
 B = Non-inter-level travel time spent in this place.
 C = Inter-level travel time spent in this place.
 D = Time resting spent in this place.
 E = Time spent auto-exploring this place.
 F = Levels seen in this place.
 G = Mean time per level.
                   A        B        C        D        E       F      G
               +--------+--------+--------+--------+--------+-----+--------+
         Total |   2036 |   1998 |     38 |    243 |   1066 |   2 | 1018.0 |
       Dungeon |   2036 |   1998 |     38 |    243 |   1066 |   2 | 1018.0 |
               +--------+--------+--------+--------+--------+-----+--------+

Top non-repeatable levels by time:
     D:1: 1190 daAuts
     D:2: 846 daAuts
